 Dungeon Crawl Stone Soup version 0.24-a0-235-g3f03afcf10 (webtiles) character file.

Game seed: 3079495262312035966

51 Redear the Ducker (level 3, -1/17 HPs)
             Began as a Felid Fighter on Apr 8, 2019.
             Slain by a hobgoblin
             ... wielding a +0 club
             ... led by Robin
              (3 damage)
             ... on level 2 of the Dungeon.
             The game lasted 00:03:01 (1294 turns).

Redear the Ducker (Felid Fighter)                   Turns: 1294, Time: 00:03:02

Health: -1/17      AC:  1    Str: 12    XL:     3   Next: 58%
Magic:  4/4        EV: 19    Int: 10    God:
Gold:   144        SH:  0    Dex: 15    Spells: 2/2 levels left
                                        Lives:  0   Deaths: 0

rFire    . . .     SeeInvis +     - Unarmed
rCold    . . .     Gourm    .   (shield unavailable)
rNeg     . . .     Faith    .   (armour unavailable)
rPois    .         Spirit   .   (helmet unavailable)
rElec    .         Reflect  .   (cloak unavailable)
rCorr    .         Harm     .   (gloves unavailable)
MR       .....                  (boots unavailable)
Stlth    +++.......             (no amulet)
HPRegen  0.05/turn              (no ring)
MPRegen  0.09/turn              (no ring)

@: quick
A: very small, no armour, no weapons or thrown items, stealth, claws 1, fangs 3,
see invisible, carnivore, speed 1, shaggy fur 1, slow metabolism 1, sharp paws
a: no special abilities


You were on level 2 of the Dungeon.
You were not hungry.

You visited 1 branch of the dungeon, and saw 2 of its levels.

You collected 144 gold pieces.

Inventory:

Scrolls
 d - 3 scrolls of remove curse {unknown}
 f - a scroll of immolation {unknown}
 g - a scroll of identify {unknown}
 h - a scroll of teleportation {unknown}
 j - a scroll of fear {unknown}
Potions
 a - a potion of might {Str+5 DMG+1d10 | @q3}
 b - a potion of heal wounds {unknown}
 c - 2 potions of cancellation {unknown}
 e - 2 potions of curing {unknown}
 i - 2 potions of flight {unknown}
Comestibles
 z - 4 rations


   Skills:
 + Level 3.4 Fighting
 + Level 4.5 Dodging
 + Level 2.3 Stealth
 + Level 4.3 Unarmed Combat


You had 2 spell levels left.
You didn't know any spells.
Your spell library was empty.

Dungeon Overview and Level Annotations

Branches:
Dungeon (2/15)

Altars:
Dithmenos

Annotations:
D:2 Robin


Innate Abilities, Weirdness & Mutations

You cannot wear armour.
You are incapable of wielding weapons or throwing items.
Your paws allow you to move quietly. (Stealth)
You have sharp claws.
You have razor-sharp teeth.
You have supernaturally acute eyesight. (SInv)
You are carnivorous and can eat meat at any time.
You cover ground quickly.
You are covered in fur. (AC +1)
You have a slow metabolism.
Your sharp claws are effective at attacking unaware monsters.


Message History

You bite the hobgoblin.
The hobgoblin is heavily wounded.
Robin throws the goblin at you! The goblin hits you with a +0 dagger.
The hobgoblin hits you with a +0 club.
You take 4 damage, and have 8/17 hp.
MASSIVE DAMAGE!!
Unknown command.
You barely miss the goblin. Your bite misses the goblin.
The goblin hits you with a +0 dagger.
* * * LOW HITPOINT WARNING * * *
You take 5 damage, and have 3/17 hp.
MASSIVE DAMAGE!!
Unknown command.
You claw the goblin!
You kill the goblin!
The hobgoblin misses you. Robin throws the goblin at you!
* * * LOW HITPOINT WARNING * * *
The goblin closely misses you.
You take 1 damage, and have 2/17 hp.
Unknown command.
You barely miss the goblin. The hobgoblin hits you with a +0 club.
You die...

................#####.##
####### ######...†.....#
##.######.# #....#
.#######.#..#
........###.#
########.#..# ##g# # #@#
#g# #g#


gg# .g# ##.. ... .#. You could see Robin, 2 hobgoblins and 3 goblins.

Vanquished Creatures
  An adder (D:2)
  A worm (D:2)
  2 dart slugs (D:1)
  A giant cockroach (D:2)
  9 goblins
  5 hobgoblins
  5 bats
  4 frilled lizards
  4 kobolds
  4 rats
36 creatures vanquished.

Notes
Turn   | Place    | Note
-------+----------+-------------------------------------------
     0 | D:1      | Redear the Felid Fighter began the quest for the Orb.
     0 | D:1      | Reached XP level 1. HP: 10/10 MP: 2/2
   146 | D:1      | HP: 1/10 [kobold/cursed -1 dagger (1)]
   147 | D:1      | Reached skill level 1 in Stealth
   147 | D:1      | Reached XP level 2. HP: 2/14 MP: 3/3
   751 | D:2      | Reached XP level 3. HP: 13/17 MP: 4/4
   809 | D:2      | Reached skill level 2 in Stealth
   824 | D:2      | Found a shadowy altar of Dithmenos.
   848 | D:2      | HP: 1/17 [hobgoblin/+0 club (4)]
  1289 | D:2      | Noticed Robin
  1294 | D:2      | Slain by a hobgoblin

Levels and vault maps discovered:
D:1:      dpeg_arrival_boxorama, layout_rooms, moated_statue,
          serial_park_tiny_2, hangedman_decor_points
D:2:      layout_loops_ring, lemuel_crystal_altar, uniq_crazy_yiuf_cottage,
          uniq_robin

Skill      XL: |  1  2  3 |
---------------+----------+-----
Stealth        | 1 2 |  2.3
Fighting       | |  3.4
Dodging        | |  4.5
Unarmed Combat | |  4.3

Action                   || total
-------------------------++-------
Melee: Unarmed           ||   106
       Bite              ||     7
 Stab: Sleeping          ||     5
  Eat: Chunk             ||     1
Armor: Skin              ||     3
Dodge: Dodged            ||    69

Table legend:
 A = Non-vault XP
 B = Vault XP
 C = Vault XP percentage of total XP
 D = Non-vault monster count
 E = Vault monster count
 F = Vault count percentage of total count
                 A         B        C        D         E       F
            +---------+---------+-------+---------+---------+-------
      Total |      73 |       1 |   1.4 |      35 |       1 |   2.8
            +---------+---------+-------+---------+---------+-------
        D:1 |      27 |       0 |   0.0 |      15 |       0 |   0.0
        D:2 |      46 |       1 |   2.1 |      20 |       1 |   4.8
            +---------+---------+-------+---------+---------+-------
